 Dungeon Crawl Stone Soup version 0.28-a0-397-g1a7b1a870f (webtiles) character file.

Game seed: 6900709818058697944

550 Gargoyl the Skirmisher (level 7, -5/60 HPs)
             Began as a Gnoll Abyssal Knight on Sept 4, 2021.
             Was a Priest of Lugonu.
             Slain by a worm (8 damage)
             ... on level 4 of the Dungeon.
             The game lasted 00:04:10 (3367 turns).

Gargoyl the Skirmisher (Gnoll Abyssal Knight)       Turns: 3367, Time: 00:04:11

Health: -5/60      AC:  9    Str: 13 (14) XL:     7   Next: 29%
Magic:  10/11      EV:  4    Int: 10 (11) God:    Lugonu [***...]
Gold:   139        SH:  0    Dex:  8 (11) Spells: 10/10 levels left

rFire   . . .      SeeInvis .   m - +2 hand axe (flame)
rCold   . . .      Faith    .   (no shield)
rNeg    . . .      Spirit   .   l - +0 plate armour
rPois   .          Reflect  .   o - +0 helmet
rElec   .          Harm     .   (no cloak)
rCorr   .          Rampage  .   (no gloves)
Will    .....                   (no boots)
Stlth   ..........              (no amulet)
HPRegen 0.20/turn               d - +4 ring of protection
MPRegen 0.12/turn               (no ring)

@: mighty, brilliant, corroded, hasted, very quick
A: fangs 1, strong nose, distributed training
a: Renounce Religion, Depart the Abyss, Bend Space, Banish


You were on level 4 of the Dungeon.
You worshipped Lugonu.
Lugonu was most pleased with you.
You visited 1 branch of the dungeon, and saw 4 of its levels.
You visited the Abyss 1 time.

You collected 139 gold pieces.

Inventory:

Hand Weapons
 a - a +2 hand axe
 j - a +2 dagger of venom
 m - a +2 hand axe of flaming (weapon)
Armour
 l - a +0 plate armour (worn)
 o - a +0 helmet (worn)
Jewellery
 d - a +4 ring of protection (left hand)
 i - a ring of protection from fire
 q - a ring of fire
Wands
 c - a wand of flame (12)
Scrolls
 e - 3 scrolls of identify
 n - a scroll of enchant weapon
 p - a scroll of fog {unknown}
Potions
 g - a potion of magic
 k - a potion of might


   Skills:
 + Level 7.0 Fighting
 + Level 2.3 Short Blades
 + Level 2.3 Long Blades
 + Level 5.2 Axes
 + Level 2.3 Maces & Flails
 + Level 2.3 Polearms
 + Level 2.3 Staves
 + Level 2.3 Slings
 + Level 2.3 Bows
 + Level 2.3 Crossbows
 + Level 2.3 Throwing
 + Level 5.2 Armour
 + Level 3.5 Dodging
 + Level 2.3 Stealth
 + Level 2.3 Shields
 + Level 2.3 Unarmed Combat
 + Level 2.3 Spellcasting
 + Level 1.9 Conjurations
 + Level 1.9 Hexes
 + Level 1.9 Summonings
 + Level 1.9 Necromancy
 + Level 1.9 Translocations
 + Level 1.9 Transmutations
 + Level 1.9 Fire Magic
 + Level 1.9 Ice Magic
 + Level 1.9 Air Magic
 + Level 1.9 Earth Magic
 + Level 1.9 Poison Magic
 + Level 5.3 Invocations
 + Level 2.3 Evocations


You had 10 spell levels left.
You didn't know any spells.
Your spell library contained the following spells:

 Spells                   Type           Power      Damage    Failure   Level
 Tukima's Dance           Hex            7%         N/A       100%        3
 Passage of Golubria      Tloc           N/A        N/A       100%        4
 Yara's Violent Unravell  Hex/Tmut       3%         3d4       100%        5


Dungeon Overview and Level Annotations

Branches:
Dungeon (4/15)
 Temple: D:4-7

Altars:
Dithmenos
Hepliaklqana
Ru
Sif Muna
Vehumet
Xom


Innate Abilities, Weirdness & Mutations

You have very sharp teeth.
Your uncanny sense of smell can sniff out nearby items.
Your experience applies equally to all skills.


Message History

Ijyb screams, "I cut your head off!"
Ijyb zaps a wand.
The bolt of acid hits you!
* * * LOW HITPOINT WARNING * * *
The acid corrodes you!
It was a potion of brilliance.
You feel clever all of a sudden. Ijyb hits you but does no damage.
The worm bites you but does no damage.
It was a potion of degeneration.
There was something very wrong with that liquid.
You feel weakened.
You feel dopey.
You feel clumsy. Ijyb screams, "I cut your head off!"
Ijyb hits you but does no damage. The worm bites you but does no damage.
It was a potion of haste.
You feel yourself speed up. Ijyb hits you with a +0 dagger.
* * * LOW HITPOINT WARNING * * *
Unknown command.
You hit Ijyb. You burn Ijyb.
Ijyb is severely wounded.
Your plate armour prevents you from hitting the worm.
Ijyb drinks a potion.
Ijyb is healed!
The worm bites you but does no damage.
Unknown command.
You slash Ijyb! You burn Ijyb.
Ijyb is almost dead.
You barely miss the worm. Ijyb hits you but does no damage.
Unknown command.
You hit Ijyb. You burn Ijyb.
You kill Ijyb!
Lugonu accepts your kill.
You barely miss the worm.
Unknown command.
You hit the worm. You burn the worm.
The worm is heavily wounded.
The worm bites you.
* * * LOW HITPOINT WARNING * * *
You hit the worm but do no damage.
The worm is heavily wounded.
You hit the worm but do no damage. Your bite misses the worm.
The worm is heavily wounded.
The worm bites you!
You die...

.....## #_.#._# ...###
######## ##..## #..#
##..# #..## #..## #...#
#...## ###...#
##...####.....##
#.............#####.#
#.......##...@)....#
......#######...w......#
....### #.....#.....
...# #.....# .... ...
#.....# ... ... #.....#
.. # #....## # #.....


You could see a worm.

Vanquished Creatures
  Grinder (D:3)
  Menkaure (D:4)
  A scorpion (D:3)
  Ijyb (D:4)
  Robin (D:3)
  5 adders
  An ufetubus (D:3)
  A worm (D:2)
  2 dart slugs (D:1)
  2 orcs (D:3)
  4 bats
  3 endoplasms
  2 giant cockroaches
  17 goblins
  8 hobgoblins
  3 jackals (D:3)
  3 quokkas
  5 ball pythons
  2 frilled lizards
  6 kobolds
  6 rats
75 creatures vanquished.

Vanquished Creatures (others)
  2 fungi (D:4)
2 creatures vanquished.

Grand Total: 77 creatures vanquished

Notes
Turn   | Place    | Note
-------+----------+-------------------------------------------
     0 | Abyss:1  | Gargoyl the Gnoll Abyssal Knight began the quest for the
                  | Orb.
     0 | Abyss:1  | Reached XP level 1. HP: 23/23 MP: 3/3
    24 | Abyss:2  | Noticed a small abomination
   151 | Abyss:3  | Noticed a worldbinder
   153 | D:1      | Escaped the Abyss
   251 | D:1      | Reached * piety under Lugonu
   253 | D:1      | Reached XP level 2. HP: 29/29 MP: 5/5
   672 | D:1      | Reached XP level 3. HP: 35/35 MP: 6/6
   853 | D:1      | You fall into a shaft and drop 1 floor!
   853 | D:2      | Found a faded altar of an unknown god.
  1650 | D:2      | Reached skill level 1 in Short Blades
  1650 | D:2      | Reached skill level 1 in Long Blades
  1650 | D:2      | Reached skill level 1 in Maces & Flails
  1650 | D:2      | Reached skill level 1 in Polearms
  1650 | D:2      | Reached skill level 1 in Staves
  1650 | D:2      | Reached skill level 1 in Slings
  1650 | D:2      | Reached skill level 1 in Bows
  1650 | D:2      | Reached skill level 1 in Crossbows
  1650 | D:2      | Reached skill level 1 in Throwing
  1650 | D:2      | Reached skill level 1 in Stealth
  1650 | D:2      | Reached skill level 1 in Shields
  1650 | D:2      | Reached skill level 1 in Unarmed Combat
  1650 | D:2      | Reached skill level 1 in Spellcasting
  1650 | D:2      | Reached skill level 1 in Evocations
  1698 | D:2      | Reached XP level 4. HP: 40/41 MP: 7/7
  1710 | D:2      | Reached ** piety under Lugonu
  2259 | D:3      | Reached skill level 1 in Conjurations
  2259 | D:3      | Reached skill level 1 in Hexes
  2259 | D:3      | Reached skill level 1 in Summonings
  2259 | D:3      | Reached skill level 1 in Necromancy
  2259 | D:3      | Reached skill level 1 in Translocations
  2259 | D:3      | Reached skill level 1 in Transmutations
  2259 | D:3      | Reached skill level 1 in Fire Magic
  2259 | D:3      | Reached skill level 1 in Ice Magic
  2259 | D:3      | Reached skill level 1 in Air Magic
  2259 | D:3      | Reached skill level 1 in Earth Magic
  2259 | D:3      | Reached skill level 1 in Poison Magic
  2308 | D:3      | Found a shimmering blue altar of Sif Muna.
  2322 | D:3      | Noticed Grinder
  2332 | D:3      | Killed Grinder
  2333 | D:3      | Reached skill level 5 in Invocations
  2333 | D:3      | Reached XP level 5. HP: 41/47 MP: 8/8
  2333 | D:3      | Reached XP level 6. HP: 46/53 MP: 9/9
  2398 | D:3      | Reached skill level 5 in Axes
  2398 | D:3      | Reached skill level 5 in Armour
  2453 | D:3      | Noticed Robin
  2467 | D:3      | Killed Robin
  3128 | D:4      | Noticed Menkaure
  3139 | D:4      | Killed Menkaure
  3140 | D:4      | Reached skill level 7 in Fighting
  3140 | D:4      | Reached XP level 7. HP: 42/60 MP: 10/10
  3246 | D:4      | Found a sacrificial altar of Ru.
  3298 | D:4      | Found a shimmering altar of Xom.
  3299 | D:4      | Found a shadowy altar of Dithmenos.
  3300 | D:4      | Found a hazy altar of Hepliaklqana.
  3300 | D:4      | Found a radiant altar of Vehumet.
  3304 | D:4      | Reached *** piety under Lugonu
  3335 | D:4      | Noticed Ijyb
  3364 | D:4      | Killed Ijyb
  3365 | D:4      | HP: 2/60 [worm (3)]
  3367 | D:4      | Slain by a worm

Illustrated notes

Levels and vault maps discovered:
D:1:      dpeg_arrival_rooms_with_view, layout_rooms
D:2:      layout_loops_cross, hellmonk_ecumenical_altar_zigzags
D:3:      layout_basic, mainiacjoe_overflow_24_doors, uniq_robin, uniq_sigmund,
          uniq_grinder
D:4:      layout_layer_cave, nemelex_spade_bored_becter,
          mainiacjoe_overflow_cross_hatched, mainiacjoe_overflow_alcove_1,
          mainiacjoe_overflow_alcove_3, nicolae_shop_firing_range, uniq_ijyb,
          uniq_edmund, uniq_menkaure

Skill      XL: |  1  2  3  4  5  6 |
---------------+-------------------+-----
Short Blades   | 1 2 |  2.3
Long Blades    | 1 2 |  2.3
Maces & Flails | 1 2 |  2.3
Polearms       | 1 2 |  2.3
Staves         | 1 2 |  2.3
Slings         | 1 2 |  2.3
Bows           | 1 2 |  2.3
Crossbows      | 1 2 |  2.3
Throwing       | 1 2 |  2.3
Stealth        | 1 2 |  2.3
Shields        | 1 2 |  2.3
Unarmed Combat | 1 2 |  2.3
Spellcasting   | 1 2 |  2.3
Evocations     | 1 2 |  2.3
Conjurations   | 1 |  1.9
Hexes          | 1 |  1.9
Summonings     | 1 |  1.9
Necromancy     | 1 |  1.9
Translocations | 1 |  1.9
Transmutations | 1 |  1.9
Fire Magic     | 1 |  1.9
Ice Magic      | 1 |  1.9
Air Magic      | 1 |  1.9
Earth Magic    | 1 |  1.9
Poison Magic   | 1 |  1.9
Dodging        | 3 |  3.5
Invocations    | 5 |  5.3
Axes           | 5 |  5.2
Armour         | 5 |  5.2
Fighting       | 7 |  7.0

Action                   |  1- 3 |  4- 6 |  7- 9 || total
-------------------------+-------+-------+-------++-------
Melee: Hand axe          |   102 |   110 |    30 ||   242
       Bite              |     5 |     8 |     2 ||    15
       Dagger            |     4 |       |       ||     4
       Punch             |       |       |     1 ||     1
Invok: Depart the Abyss  |     1 |       |       ||     1
Evoke: Wand              |       |     2 |     1 ||     3
  Use: Scroll            |     3 |     2 |       ||     5
       Potion            |       |       |     5 ||     5
Armor: Leather armour    |    17 |       |       ||    17
       Ring mail         |    26 |    28 |       ||    54
       Plate armour      |       |    64 |    26 ||    90
Dodge: Dodged            |    62 |    58 |     6 ||   126

Table legend: (Time is in decaauts)
 A = Elapsed time spent in this place.
 B = Non-inter-level travel time spent in this place.
 C = Inter-level travel time spent in this place.
 D = Time resting spent in this place.
 E = Time spent auto-exploring this place.
 F = Levels seen in this place.
 G = Mean time per level.
                   A        B        C        D        E       F      G
               +--------+--------+--------+--------+--------+-----+--------+
         Total |   3379 |   3274 |    105 |      0 |   2600 |   7 |  482.7 |
       Dungeon |   3227 |   3122 |    105 |      0 |   2475 |   4 |  806.8 |
         Abyss |    152 |    152 |      0 |      0 |    125 |   3 |   50.7 |
               +--------+--------+--------+--------+--------+-----+--------+

Top non-repeatable levels by time:
     D:2: 1177 daAuts
     D:3: 878 daAuts
     D:1: 870 daAuts
     D:4: 301 daAuts
 Abyss:2: 99 daAuts
 Abyss:3: 44 daAuts
 Abyss:1: 8 daAuts
